Map: 16-Bit LE

Players

Lambo

  • Race: Zerg Zerg
  • Spawn Location: 7:00

DeMusliM - Winner!

  • Race: Terran Terran
  • Spawn Location: 1:00

Event: WCS Valencia 2018

VOD

Have the link to the VOD?

Description

Time

  • Played on: July 12, 2018, 10:42 a.m.
  • Length: 19:28

All games in this series

Show
View Real Time Build Order
Export as new Build Order

Lambo Zerg 

Build Orders: Hatch First, Swarm Host 

Get SALT Encoding   

  12  0:00  Drone  
  13  0:14  Overlord  
  13  0:18  Drone  
  14  0:32  Drone x2  
  16  0:50  Hatchery  
  16  0:53  Drone  
  16  0:56  Drone  
  17  1:00  Drone  
  18  1:10  Extractor  
  17  1:16  Spawning Pool  
  16  1:19  Drone  
  16  1:22  Drone  
  18  1:30  Drone  
  19  1:41  Drone  
  20  1:51  Overlord  
  20  2:03  Zergling x4, Queen x2  
  26  2:10  Metabolic Boost  
  26  2:14  Drone  
  26  2:15  Drone  
  28  2:23  Drone x2  
  30  2:40  Hatchery  
  30  2:43  Drone  
  30  2:47  Pneumatized Carapace  
  30  2:51  Drone  
  31  2:56  Overlord  
  31  2:59  Drone  
  31  3:01  Drone  
  33  3:07  Drone  
  33  3:08  Drone  
  35  3:17  Drone x4  
  39  3:20  Queen  
  39  3:25  Overlord  
  41  3:29  Drone  
  41  3:32  Drone  
  43  3:36  Drone  
  44  3:44  Drone  
  44  3:45  Queen  
  47  3:49  Drone x3  
  47  3:51  Overlord  
  47  3:52  Drone  
  47  3:53  Drone  
  52  3:58  Queen  
  52  4:02  Overlord  
  54  4:03  Overlord  
  54  4:08  Queen  
  56  4:11  Drone x2  
  56  4:15  Drone x3  
  61  4:20  Zergling x4  
  61  4:22  Zergling x2  
  64  4:26  Lair  
  64  4:27  Overlord  
  64  4:28  Zergling x2  
  64  4:30  Drone  
  66  4:33  Extractor  
  66  4:34  Overlord  
  66  4:35  Extractor  
  66  4:36  Queen  
  66  4:39  Drone  
  66  4:43  Roach Warren  
  66  4:44  Drone  
  67  4:46  Drone  
  67  4:49  Overlord  
  67  4:51  Spore Crawler  
  67  4:52  Drone x2  
  69  4:56  Spore Crawler, Drone  
  69  4:58  Overlord  
  69  5:03  Drone x4  
  69  5:06  Drone x2  
  76  5:08  Overlord  
  76  5:10  Overlord, Spore Crawler  
  76  5:11  Drone  
  77  5:15  Evolution Chamber  
  77  5:17  Drone  
  77  5:19  Drone, Evolution Chamber  
  77  5:20  Drone  
  77  5:21  Drone  
  79  5:22  Drone  
  79  5:25  Extractor  
  79  5:26  Roach  
  79  5:27  Extractor, Roach  
  82  5:31  Roach x2  
  82  5:32  Overseer  
  82  5:35  Drone x2  
  88  5:37  Extractor  
  88  5:42  Hatchery  
  86  5:44  Roach  
  86  5:45  Drone  
  86  5:46  Drone  
  86  5:47  Drone  
  86  5:49  Zerg Missile Weapons Level 1  
  91  5:52  Drone x2  
  91  5:54  Roach  
  91  5:55  Drone  
  91  5:56  Drone  
  97  6:00  Roach x2  
  101  6:05  Roach x2  
  101  6:08  Drone x4  
  109  6:14  Infestation Pit  
  109  6:15  Drone x2  
  110  6:24  Zerg Ground Armor Level 1  
  110  6:30  Overlord, Drone x5  
  110  6:31  Roach  
  110  6:32  Roach x2  
  121  6:36  Overlord, Extractor  
  121  6:39  Extractor  
  121  6:40  Roach  
  121  6:41  Overlord  
  121  6:43  Overlord  
  121  6:47  Overlord  
  121  6:50  Overlord  
  121  6:57  Overlord x2  
  121  6:58  Swarm Host x5  
  136  7:07  Swarm Host x3  
  145  7:10  Ravager x2  
  145  7:15  Swarm Host x3  
  153  7:21  Swarm Host x3  
  165  7:24  Swarm Host  
  165  7:26  Overlord  
  165  7:27  Drone  
  165  7:28  Drone x2  
  171  7:30  Swarm Host  
  171  7:31  Spine Crawler  
  171  7:35  Swarm Host  
  176  7:38  Overlord x2  
  176  7:43  Roach x3  
  176  7:44  Roach  
  184  7:50  Overlord  
  184  7:51  Roach x4  
  192  7:54  Glial Reconstitution  
  192  8:00  Ravager x3  
  193  8:06  Roach x3  
  199  8:18  Overlord, Hydralisk Den  
  199  8:19  Spine Crawler  
  197  8:21  Zerg Missile Weapons Level 2  
  197  8:23  Ravager x2  
  197  8:24  Spore Crawler  
  198  8:31  Roach  
  200  8:36  Overlord  
  200  8:39  Roach  
  199  8:44  Zerg Ground Armor Level 2, Hive  
  199  9:09  Hatchery  
  198  9:30  Roach  
  200  9:34  Roach  
  190  9:54  Grooved Spines  
  185  10:13  Viper x3  
  191  10:15  Extractor  
  191  10:20  Extractor  
  190  10:24  Roach x5  
  200  10:41  Zerg Missile Weapons Level 3  
  183  11:04  Hydralisk x4, Ravager  
  183  11:05  Muscular Augments, Hydralisk x2, Ravager  
  183  11:07  Overseer x2  
  196  11:21  Roach x2  
  198  11:29  Roach x2  
  193  11:40  Hydralisk  
  193  11:41  Hydralisk x2  
  193  12:01  Roach x6  
  199  12:10  Unknown  
  199  12:14  Hydralisk  
  196  12:22  Hydralisk x9  
  199  12:27  Hydralisk x3  
  199  12:30  Viper  
  199  12:34  Roach x4  
  193  12:52  Roach x3  
  199  13:15  Zerg Ground Armor Level 3  
  199  13:22  Ravager  
  198  13:38  Unknown  
  196  13:58  Hydralisk x2  
  196  14:01  Viper x2  
  194  14:20  Hatchery, Overseer x2  
  193  14:29  Hydralisk x3  
  197  14:37  Hydralisk x8  
  199  14:42  Hydralisk  
  199  14:50  Viper  
  200  14:52  Roach  
  200  14:53  Roach x2  
  188  15:03  Hydralisk x4  
  196  15:09  Hydralisk  
  196  15:10  Hydralisk  
  197  15:33  Hydralisk x2  
  197  15:36  Hydralisk  
  197  15:39  Hydralisk x7  
  194  15:44  Spire  
  194  15:46  Hydralisk x3  
  199  15:52  Hydralisk x2  
  199  15:56  Hydralisk x5  
  197  15:57  Overseer x2  
  197  16:02  Hydralisk x5  
  192  16:05  Hydralisk x5  
  192  16:07  Hydralisk  
  179  16:12  Hydralisk x4  
  179  16:15  Hydralisk x2  
  179  16:16  Hydralisk  
  171  16:34  Hydralisk  
  171  16:37  Overlord x6  
  171  16:38  Overlord x3  
  162  16:41  Hatchery  
  132  16:56  Hydralisk x5  
  132  16:59  Hydralisk x3  
  132  17:07  Hydralisk x2  
  132  17:08  Hydralisk  
  138  17:11  Hydralisk x4  
  144  17:15  Hydralisk x2  
  144  17:22  Greater Spire  
  150  17:26  Hydralisk x2  
  150  17:29  Hatchery  
  151  17:35  Hydralisk x4  
  151  17:38  Hydralisk x4  
  149  17:48  Hydralisk x2  
  135  18:03  Hydralisk  
  135  18:04  Hydralisk  
  115  18:11  Corruptor x4  
  119  18:19  Hydralisk  
  114  18:28  Hydralisk x2  
  114  18:31  Corruptor x4, Queen  
  120  18:34  Hatchery  
  120  18:35  Corruptor x3  
  125  18:46  Corruptor  
  107  18:50  Hatchery  
  107  18:53  Corruptor  
  83  18:59  Brood Lord x4  
Show
View Real Time Build Order
Export as new Build Order

DeMusliM Terran - Winner!

Build Orders: Command Center First (CC), Mech 

Get SALT Encoding   

  12  0:00  SCV  
  13  0:12  SCV  
  14  0:18  Supply Depot  
  14  0:25  SCV  
  15  0:40  SCV  
  16  0:57  Command Center  
  16  1:01  SCV  
  17  1:12  Barracks  
  17  1:15  SCV  
  18  1:22  Refinery  
  18  1:28  SCV  
  18  1:30  Refinery  
  19  1:40  SCV  
  20  1:52  SCV  
  21  2:00  Reaper  
  22  2:04  Orbital Command  
  22  2:11  Orbital Command  
  22  2:19  Factory  
  22  2:27  Supply Depot  
  22  2:30  SCV  
  22  2:34  Barracks Reactor  
  23  2:39  SCV  
  23  2:43  SCV  
  25  2:54  SCV  
  25  2:55  SCV  
  27  3:05  Starport  
  27  3:08  SCV x2  
  29  3:22  Barracks Tech Lab  
  29  3:23  Command Center  
  29  3:24  SCV x2  
  31  3:33  Hellion  
  33  3:34  Hellion  
  33  3:36  SCV x2  
  37  3:47  Raven  
  39  3:48  SCV x2  
  39  3:54  Supply Depot  
  39  3:55  Hellion  
  43  3:57  Hellion  
  43  4:00  SCV  
  43  4:01  SCV  
  46  4:03  Refinery  
  46  4:04  Refinery  
  46  4:16  SCV x2  
  46  4:17  Cyclone  
  51  4:19  Hellion  
  53  4:28  SCV  
  54  4:31  Armory x2  
  54  4:34  SCV  
  54  4:37  Orbital Command  
  55  4:40  SCV  
  55  4:41  Hellion  
  55  4:44  Raven  
  60  4:46  SCV  
  60  4:49  Hellion  
  64  4:52  SCV  
  64  4:57  Supply Depot  
  64  4:59  SCV  
  65  5:03  Hellion  
  65  5:04  SCV  
  69  5:11  SCV  
  69  5:12  Orbital Command  
  69  5:19  SCV, Hellion  
  69  5:20  Barracks Reactor  
  69  5:21  Terran Vehicle Weapons Level 1  
  72  5:22  Factory  
  72  5:23  Factory  
  72  5:25  SCV  
  73  5:31  SCV  
  73  5:32  Hellion  
  76  5:37  Supply Depot, SCV  
  76  5:38  Starport Reactor  
  76  5:39  Supply Depot  
  76  5:40  Terran Vehicle And Ship Armor Level 1  
  77  5:44  SCV, Hellion  
  77  5:45  SCV  
  77  5:48  Refinery  
  77  5:49  Refinery, SCV  
  82  5:56  SCV  
  83  5:57  SCV  
  83  5:59  Hellion  
  83  6:01  SCV  
  87  6:08  SCV  
  87  6:09  SCV  
  87  6:11  Factory Tech Lab  
  89  6:13  SCV  
  89  6:15  Hellion  
  92  6:19  Factory  
  92  6:20  SCV  
  92  6:21  SCV, Factory  
  94  6:26  Supply Depot, SCV  
  94  6:29  Supply Depot  
  94  6:30  Supply Depot  
  94  6:31  Supply Depot  
  95  6:33  Viking x2  
  99  6:41  SCV x2  
  99  6:48  Siege Tank x2  
  99  6:49  Hellion x2  
  99  6:51  SCV  
  99  6:53  SCV x2  
  112  6:55  Supply Depot  
  112  7:06  Factory Reactor, Factory Tech Lab  
  112  7:12  Command Center  
  112  7:13  Hellion x2  
  116  7:16  Terran Vehicle Weapons Level 2  
  116  7:19  Viking x2  
  120  7:26  Siege Tank, Supply Depot  
  120  7:27  Siege Tank x2  
  129  7:32  SCV x2  
  129  7:33  Supply Depot x2  
  129  7:37  Infernal Pre-Igniter, Hellion  
  129  7:38  Hellion  
  129  7:39  Smart Servos  
  129  7:43  SCV  
  134  7:44  SCV  
  134  7:47  Supply Depot  
  134  7:48  Terran Vehicle And Ship Armor Level 2  
  134  7:49  Hellion x2  
  139  8:04  Siege Tank x2  
  141  8:13  Medivac x2  
  141  8:14  Hellion x4  
  141  8:18  Supply Depot x2  
  153  8:22  Engineering Bay  
  153  8:24  Siege Tank  
  156  8:35  Hellion  
  156  8:36  Siege Tank  
  156  8:42  Factory  
  156  8:43  SCV x2  
  158  8:49  Siege Tank  
  158  8:52  Hellion x3  
  158  8:53  Refinery  
  158  8:55  Factory  
  167  8:56  Hellion  
  167  8:57  Refinery  
  167  8:58  Planetary Fortress  
  169  9:03  Medivac  
  171  9:13  Factory  
  171  9:15  Siege Tank  
  171  9:21  Hellion  
  171  9:22  Hellion x2  
  177  9:30  Siege Tank x2  
  163  9:45  Factory Tech Lab, Hellion  
  161  9:48  Siege Tank, Factory Tech Lab  
  164  9:56  Terran Vehicle Weapons Level 3  
  164  10:02  Siege Tank, Hellion  
  164  10:04  Siege Tank, Hellion x2  
  164  10:06  Factory Tech Lab, Hellion x2  
  177  10:11  Siege Tank  
  164  10:28  Siege Tank x2  
  164  10:29  Hellion x2  
  164  10:30  Siege Tank, Hellion x2  
  181  10:41  Siege Tank, Hellion  
  186  10:43  Command Center  
  186  10:49  Terran Vehicle And Ship Armor Level 3  
  186  10:50  Hellion x3  
  192  11:01  Siege Tank x2  
  192  11:02  Hellion  
  191  11:04  Hellion  
  191  11:08  Siege Tank  
  196  11:12  Command Center  
  196  11:22  Siege Tank x2  
  196  11:25  Siege Tank  
  195  11:36  Siege Tank x2  
  195  11:37  Hellion  
  199  11:58  Siege Tank  
  196  12:03  Siege Tank x2  
  196  12:04  Hellion  
  196  12:11  Siege Tank  
  196  12:13  Siege Tank  
  198  12:21  Siege Tank, Hellion  
  176  12:26  Viking, Hellion  
  155  12:30  Siege Tank, Hellion  
  155  12:35  Siege Tank, Hellion  
  155  12:36  Hellion  
  152  12:42  Hellion  
  152  12:43  Siege Tank  
  154  12:47  Siege Tank, Medivac  
  154  12:48  Hellion  
  157  12:51  Hellion  
  157  12:53  Siege Tank  
  157  12:54  SCV  
  157  12:55  SCV  
  157  12:57  SCV x2  
  164  13:01  Hellion x2  
  164  13:03  Thor  
  164  13:04  Hellion  
  176  13:08  Hellion  
  176  13:09  Hellion  
  174  13:13  Hellion  
  174  13:16  Hellion  
  174  13:19  SCV x2  
  180  13:20  Hellion  
  180  13:22  Hellion x2  
  180  13:25  Hellion x2  
  188  13:29  Thor  
  188  13:31  SCV x3  
  197  13:40  Refinery  
  194  13:43  SCV x2  
  194  13:45  Refinery, Structure Armor  
  194  13:46  Planetary Fortress  
  190  14:03  Siege Tank x2, Hellion  
  198  14:16  Thor  
  198  14:24  Terran Ship Weapons Level 1  
  198  14:30  Siege Tank x2  
  198  14:31  Hellion  
  191  14:39  Hellion x3  
  191  14:42  Siege Tank x2  
  191  14:43  Hellion  
  195  14:51  Viking  
  195  14:52  Hellion  
  196  14:59  Siege Tank  
  195  15:00  Hellion  
  195  15:01  Hellion  
  196  15:25  Hi-Sec Auto Tracking  
  196  15:27  Siege Tank  
  196  15:28  Hellion  
  194  15:35  Siege Tank  
  194  15:36  Siege Tank, Hellion  
  194  15:37  Thor  
  194  15:38  Hellion x2  
  196  15:46  Siege Tank  
  199  15:52  Siege Tank, Hellion  
  196  16:01  Siege Tank  
  196  16:02  Hellion  
  191  16:06  Viking, Hellion  
  191  16:07  Viking  
  191  16:08  Siege Tank x2  
  197  16:18  Siege Tank  
  200  16:22  Siege Tank  
  200  16:23  Hellion  
  188  16:26  Siege Tank, Hellion  
  185  16:33  Siege Tank  
  185  16:36  Viking  
  185  16:37  Viking  
  185  16:40  Siege Tank  
  185  16:41  Planetary Fortress  
  186  16:50  Siege Tank  
  171  16:56  Hellion  
  161  17:02  Hellion x2  
  161  17:08  Siege Tank  
  165  17:14  Siege Tank  
  158  17:28  Siege Tank x2  
  158  17:29  Hellion  
  166  17:34  Siege Tank  
  166  17:35  Hellion  
  171  17:42  Siege Tank  
  171  17:43  Hellion  
  160  17:45  Siege Tank  
  159  17:54  Siege Tank, Hellion  
  159  17:57  Hellion  
  157  18:00  Siege Tank  
  157  18:01  Siege Tank  
  154  18:07  Siege Tank  
  151  18:15  Siege Tank  
  151  18:16  Hellion  
  156  18:20  Siege Tank  
  156  18:21  Hellion  
  156  18:26  Siege Tank  
  161  18:36  Siege Tank, Hellion  
  161  18:37  Hellion x2  
  170  18:41  Siege Tank  
  170  18:47  Siege Tank  
  157  18:49  Siege Tank  
  156  18:57  Hellion x2  
  160  19:09  Refinery  
  158  19:10  Refinery  
  158  19:12  Command Center  
Tags
 
Add a new tag
Caveats
  • Supply blocks, unpowered buildings, or Contaminate may cause inaccurate times.
  • Supply counts are checked every 10 seconds.